BSA
NASHVILLE G-STRINGS @ VISTA PANTHERS
08/30/2028
 
TOP OF THE 1ST
Nashville G-Strings batting - Pitching for Vista Panthers : RHP Jim Hendon
Pitching: RHP Jim Hendon
Batting: SHB Jorge Flores 0-0: Ground out U3 (Groundball, 23)
Batting: LHB Jesús Núñez 0-0: Swinging Strike
0-1: Foul Ball, location: 2F
0-2: Foul Ball, location: 2F
0-2: Fly out, F7 (Flyball, 7S)
Batting: RHB Sergio Márquez 0-0: Ball
1-0: Called Strike
1-1: Ball
2-1: Fly out, F4 (Popup, 4D)
Top of the 1st over - 0 run(s), 0 hit(s), 0 error(s), 0 left on base; Nashville 0 - Vista 0
BOTTOM OF THE 1ST
Vista Panthers batting - Pitching for Nashville G-Strings : RHP Javier García
Pitching: RHP Javier García
Batting: RHB António López 0-0: Called Strike
0-1: Called Strike
0-2: Ball
1-2: Ground out 4-3 (Groundball, 4)
Batting: RHB Stephen Wilson 0-0: Ball
1-0: Foul Ball, location: 2F
1-1: Ball
2-1: Ball
3-1: Base on Balls
Batting: LHB Brent Alonzo 0-0: Ball
1-0: Grounds into double play, 5-4-3 (Groundball, 56)
Bottom of the 1st over - 0 run(s), 0 hit(s), 0 error(s), 0 left on base; Nashville 0 - Vista 0
TOP OF THE 2ND
Nashville G-Strings batting - Pitching for Vista Panthers : RHP Jim Hendon
Batting: RHB Danny Campbell 0-0: Ball
1-0: Called Strike
1-1: Ball
2-1: Ball
3-1: Base on Balls
Batting: RHB Vicente Aguirre 0-0: Ball
1-0: Ball
2-0: Grounds into double play, 6-4-3 (Groundball, 6)
Batting: RHB António Ortega 0-0: Called Strike
0-1: Ball
1-1: Foul Ball, location: 2F
1-2: SINGLE (Line Drive, 8RS)
Batting: SHB Rob Grun 0-0: Called Strike
0-1: Swinging Strike
0-2: DOUBLE (Flyball, 78XD)
António Ortega to third
Runner from 3rd tries for Home, SAFE, throw made home
Batting: RHB Greg King 0-0: Ball
1-0: Ball
2-0: Ball
3-0: Base on Balls
Batting: RHB Juan Costello 0-0: Called Strike
0-1: Called Strike
0-2: Ball
1-2: Foul Ball, location: 2F
1-2: Ball
2-2: Strikes out swinging
Top of the 2nd over - 1 run(s), 2 hit(s), 0 error(s), 2 left on base; Nashville 1 - Vista 0
BOTTOM OF THE 2ND
Vista Panthers batting - Pitching for Nashville G-Strings : RHP Javier García
Batting: LHB Juan Cortés 0-0: Ground out 6-3 (Groundball, 56D)
Batting: RHB Alfredo Rivera 0-0: Ball
1-0: Ball
2-0: Ball
3-0: Base on Balls
Batting: LHB Bob Cunningham 0-0: Ball
1-0: Ball
2-0: Foul Ball, location: 2F
2-1: Foul Ball, location: 2F
2-2: Fielders Choice at 2nd, 4-6 (Groundball, 4)
Batting: RHB Mario Beltrán 0-0: Ground out 1-3 (Groundball, P)
Bottom of the 2nd over - 0 run(s), 0 hit(s), 0 error(s), 1 left on base; Nashville 1 - Vista 0
TOP OF THE 3RD
Nashville G-Strings batting - Pitching for Vista Panthers : RHP Jim Hendon
Batting: SHB Jorge Flores 0-0: Fly out, F8 (Flyball, 8RXD)
Batting: LHB Jesús Núñez 0-0: Ball
1-0: Ball
2-0: Ball
3-0: Base on Balls
Batting: RHB Sergio Márquez 0-0: Ball
Jesús Núñez steals 2nd base
1-0: Ground out 6-3 (Groundball, 6)
Batting: RHB Danny Campbell 0-0: Fly out, F8 (Flyball, 78D)
Top of the 3rd over - 0 run(s), 0 hit(s), 0 error(s), 1 left on base; Nashville 1 - Vista 0
BOTTOM OF THE 3RD
Vista Panthers batting - Pitching for Nashville G-Strings : RHP Javier García
Batting: RHB Phil Matthews 0-0: Called Strike
0-1: Ball
1-1: Fly out, F4 (Line Drive, 4)
Batting: RHB Justin Burgess 0-0: Swinging Strike
0-1: Foul Ball, location: 2F
0-2: Ball
1-2: Ball
2-2: Ball
3-2: Ground out 4-3 (Groundball, 4)
Batting: RHB António López 0-0: Called Strike
0-1: Ground out 6-3 (Groundball, 6D)
Bottom of the 3rd over - 0 run(s), 0 hit(s), 0 error(s), 0 left on base; Nashville 1 - Vista 0
TOP OF THE 4TH
Nashville G-Strings batting - Pitching for Vista Panthers : RHP Jim Hendon
Batting: RHB Vicente Aguirre 0-0: Ball
1-0: Foul Ball, location: 2F
1-1: Foul Ball, location: 2F
1-2: Fly out, F5 (Line Drive, 5)
Batting: RHB António Ortega 0-0: Fly out, F5 (Popup, 56)
Batting: SHB Rob Grun 0-0: Ball
1-0: Foul Ball, location: 2F
1-1: Swinging Strike
1-2: Foul Ball, location: 2F
1-2: Foul Ball, location: 2F
1-2: Foul Ball, location: 2F
1-2: Foul Ball, location: 2F
1-2: Foul Ball, location: 2F
1-2: Ball
2-2: Strikes out swinging
Top of the 4th over - 0 run(s), 0 hit(s), 0 error(s), 0 left on base; Nashville 1 - Vista 0
BOTTOM OF THE 4TH
Vista Panthers batting - Pitching for Nashville G-Strings : RHP Javier García
Batting: RHB Stephen Wilson 0-0: SOLO HOME RUN (Flyball, 7D), Distance : 423 ft
Batting: LHB Brent Alonzo 0-0: Called Strike
0-1: Foul Ball, location: 2F
0-2: Ground out 3-1 (Groundball, 34)
Batting: LHB Juan Cortés 0-0: Called Strike
0-1: Ball
1-1: Ground out 4-3 (Groundball, 4)
Batting: RHB Alfredo Rivera 0-0: Ground out 4-3 (Groundball, 4)
Bottom of the 4th over - 1 run(s), 1 hit(s), 0 error(s), 0 left on base; Nashville 1 - Vista 1
TOP OF THE 5TH
Nashville G-Strings batting - Pitching for Vista Panthers : RHP Jim Hendon
Batting: RHB Greg King 0-0: Called Strike
0-1: Foul Ball, location: 2F
0-2: Strikes out swinging
Batting: RHB Juan Costello 0-0: Called Strike
0-1: Foul Ball, location: 2F
0-2: Strikes out swinging
Batting: SHB Jorge Flores 0-0: Foul Ball, location: 2F
0-1: Fly out, F9 (Flyball, 9S)
Top of the 5th over - 0 run(s), 0 hit(s), 0 error(s), 0 left on base; Nashville 1 - Vista 1
BOTTOM OF THE 5TH
Vista Panthers batting - Pitching for Nashville G-Strings : RHP Javier García
Batting: LHB Bob Cunningham 0-0: Ground out 3-1 (Groundball, 34)
Batting: RHB Mario Beltrán 0-0: Ball
1-0: Ground out U3 (Groundball, 34S)
Batting: RHB Phil Matthews 0-0: Foul Ball, location: 2F
0-1: Ground out 5-3 (Groundball, 56)
Bottom of the 5th over - 0 run(s), 0 hit(s), 0 error(s), 0 left on base; Nashville 1 - Vista 1
TOP OF THE 6TH
Nashville G-Strings batting - Pitching for Vista Panthers : RHP Jim Hendon
Batting: LHB Jesús Núñez 0-0: Called Strike
0-1: SINGLE (Groundball, 34D)
Batting: RHB Sergio Márquez 0-0: Ball
1-0: Foul Ball, location: 2F
1-1: Swinging Strike
1-2: Grounds into double play, 4-6-3 (Groundball, 34)
Batting: RHB Danny Campbell 0-0: Called Strike
0-1: Swinging Strike
0-2: Strikes out looking
Top of the 6th over - 0 run(s), 1 hit(s), 0 error(s), 0 left on base; Nashville 1 - Vista 1
BOTTOM OF THE 6TH
Vista Panthers batting - Pitching for Nashville G-Strings : RHP Javier García
Batting: RHB Justin Burgess 0-0: Ball
1-0: Called Strike
1-1: Called Strike
1-2: Strikes out swinging
Batting: RHB António López 0-0: Ground out 1-3 (Groundball, P)
Batting: RHB Stephen Wilson 0-0: DOUBLE (Line Drive, 7LM)
Batting: LHB Brent Alonzo 0-0: Swinging Strike
0-1: Ball
1-1: Fly out, F4 (Line Drive, 4)
Bottom of the 6th over - 0 run(s), 1 hit(s), 0 error(s), 1 left on base; Nashville 1 - Vista 1
TOP OF THE 7TH
Nashville G-Strings batting - Pitching for Vista Panthers : RHP Jim Hendon
Batting: RHB Vicente Aguirre 0-0: Called Strike
0-1: Fly out, F8 (Flyball, 78M)
Batting: RHB António Ortega 0-0: Fly out, F9 (Flyball, 9)
Batting: SHB Rob Grun 0-0: Ball
1-0: SINGLE (Groundball, 25) (infield hit)
Pinch Runner at 1st Martín Medina:
Batting: RHB Greg King 0-0: Ball
1-0: Ball
2-0: DOUBLE (Groundball, 5L)
Martín Medina to third
Runner from 3rd tries for Home, SAFE, no throw
Batting: RHB Juan Costello 0-0: Ball
1-0: Fly out, F8 (Flyball, 8LM)
Top of the 7th over - 1 run(s), 2 hit(s), 0 error(s), 1 left on base; Nashville 2 - Vista 1
BOTTOM OF THE 7TH
Vista Panthers batting - Pitching for Nashville G-Strings : RHP Javier García
Now in CF: Martín Medina
Batting: LHB Juan Cortés 0-0: Swinging Strike
0-1: SINGLE (Line Drive, 89S)
Batting: RHB Alfredo Rivera 0-0: Ball
1-0: Ball
2-0: Foul Ball, location: 2F
2-1: SINGLE (Line Drive, 8LS)
Juan Cortés to second
Batting: LHB Bob Cunningham 0-0: Called Strike
0-1: Ball
1-1: Ball
2-1: Bunted foul
2-2: Foul Ball, location: 2F
2-2: Foul Ball, location: 2F
2-2: Foul Ball, location: 2F
2-2: Foul Ball, location: 2F
2-2: Foul Ball, location: 2F
2-2: Fly out, F6 (Line Drive, 6)
Batting: RHB Mario Beltrán 0-0: Called Strike
Juan Cortés steals 3rd base
Alfredo Rivera to second
0-1: Ground out U3 (Groundball, 34S)
Batting: RHB Phil Matthews 0-0: Ball
1-0: Foul Ball, location: 2F
1-1: Ball
2-1: Fly out, F5 (Popup, 5S)
Bottom of the 7th over - 0 run(s), 2 hit(s), 0 error(s), 2 left on base; Nashville 2 - Vista 1
TOP OF THE 8TH
Nashville G-Strings batting - Pitching for Vista Panthers : RHP Jim Hendon
Batting: SHB Jorge Flores 0-0: Ball
1-0: Foul Ball, location: 2F
1-1: Fly out, F6 (Popup, 6)
Batting: LHB Jesús Núñez 0-0: Foul Ball, location: 2F
0-1: Ball
1-1: Foul Ball, location: 2F
1-2: Ball
2-2: SINGLE (Line Drive, 34)
Batting: RHB Sergio Márquez 0-0: Fly out, F8 (Flyball, 89S)
Batting: RHB Danny Campbell 0-0: Called Strike
0-1: Swinging Strike
0-2: Foul Ball, location: 2F
0-2: Strikes out swinging
Top of the 8th over - 0 run(s), 1 hit(s), 0 error(s), 1 left on base; Nashville 2 - Vista 1
BOTTOM OF THE 8TH
Vista Panthers batting - Pitching for Nashville G-Strings : RHP Javier García
Batting: RHB Justin Burgess 0-0: Foul Ball, location: 2F
0-1: Ball
1-1: Called Strike
1-2: Foul Ball, location: 2F
1-2: Ground out 6-3 (Groundball, 56)
Batting: RHB António López 0-0: Ball
1-0: SINGLE (Line Drive, 8LS)
Batting: RHB Stephen Wilson 0-0: Ball
Wild Pitch!
António López to second
1-0: Foul Ball, location: 2F
1-1: Ball
2-1: Foul Ball, location: 2F
2-2: Strikes out swinging
Batting: LHB Brent Alonzo 0-0: Ball
1-0: Foul Ball, location: 2F
1-1: Ground out 5-3 (Groundball, 56)
Bottom of the 8th over - 0 run(s), 1 hit(s), 0 error(s), 1 left on base; Nashville 2 - Vista 1
TOP OF THE 9TH
Nashville G-Strings batting - Pitching for Vista Panthers : RHP Jim Hendon
Pitching: RHP David Simpson
Batting: RHB Vicente Aguirre 0-0: Ball
1-0: Ball
2-0: Swinging Strike
2-1: Called Strike
2-2: Foul Ball, location: 2F
2-2: Strikes out looking
Batting: RHB António Ortega 0-0: Ball
1-0: Ground out 6-3 (Groundball, 6D)
Batting: SHB Martín Medina 0-0: Fly out, F7 (Flyball, 78S)
Top of the 9th over - 0 run(s), 0 hit(s), 0 error(s), 0 left on base; Nashville 2 - Vista 1
BOTTOM OF THE 9TH
Vista Panthers batting - Pitching for Nashville G-Strings : RHP Javier García
Pitching: RHP Junior Mateo
Batting: LHB Juan Cortés 0-0: Called Strike
0-1: Swinging Strike
0-2: Foul Ball, location: 2F
0-2: Foul Ball, location: 2F
0-2: Ball
1-2: Ground out 5-3 (Groundball, 56S)
Batting: RHB Alfredo Rivera 0-0: Foul Ball, location: 2F
0-1: Ball
1-1: Foul Ball, location: 2F
1-2: Fly out, F9 (Flyball, 9)
Batting: LHB Bob Cunningham 0-0: Reached on error, E6 (Groundball, 6)
Batting: RHB Mario Beltrán 0-0: Called Strike
0-1: Ball
1-1: Ball
2-1: Ball
3-1: Base on Balls
Bob Cunningham to second
Batting: RHB Phil Matthews 0-0: Swinging Strike
0-1: Ball
1-1: Fly out, F7 (Line Drive, 7D)
Bottom of the 9th over - 0 run(s), 0 hit(s), 1 error(s), 2 left on base; Nashville 2 - Vista 1
Tuesday, August 8th, 2017 - OOTP Baseball 17.12 Build 75